 Dungeon Crawl Stone Soup version 0.31-a0-4-gefa6de2278 (webtiles) character file.

Game seed: 14370596915344732897

21449 cheesebisquit the Basher (level 12, -2/115 HPs)
             Began as an Armataur Fighter on May 3, 2023.
             Was a High Priest of Qazlal.
             Slain by Rupert
             ... wielding a +2 battleaxe of flaming
              (28 damage)
             ... on level 12 of the Dungeon.
             The game lasted 00:45:43 (12898 turns).

cheesebisquit the Basher (Armataur Fighter)        Turns: 12898, Time: 00:45:43

Health: -2/115     AC: 27    Str: 30    XL:     12   Next: 54%
Magic:  15/15      EV: 12    Int:  3    God:    Qazlal [*****.]
Gold:   1098       SH: 17    Dex: 12    Spells: 11/11 levels left

rFire   . . .        L - +4 morningstar of the Saviour {elec, Str+4 Dex-2 Stlth+}
rCold   + + .        J - +0 buckler {AC+3}
rNeg    + . .        p - +0 plate armour
rPois   +            j - +1 helmet
rElec   .            E - +2 ratskin cloak {*Rats rPois rN+ Str-1 Int-1 Dex+1}
rCorr   .            T - +1 pair of gloves
SInv    .            (no barding)
Will    .....        m - amulet of the Quiescent Lemon {Reflect Rampage rC++ Int-4 Dex+3 SH+5} Stlth
                     R - ring of flight
HPRegen 0.39/turn    w - +5 ring of evasion
MPRegen 0.14/turn

%: repel missiles, reflection, roll
@: protected from physical damage, flying, studying Fighting
A: large, rugged brown scales 3, deformed body, armoured tail, roll, long
tongue, awkward tongue
a: Renounce Religion, Upheaval, Elemental Force, Disaster Area


You were on level 12 of the Dungeon.
You worshipped Qazlal.
Qazlal was extremely pleased with you.
You visited 2 branches of the dungeon, and saw 13 of its levels.
You also visited: Bailey.

You collected 1098 gold pieces.

Inventory:

Hand Weapons
 l - a +3 flail of protection
 I - a +2 great mace of protection
 L - the +4 morningstar of the Saviour (weapon) {elec, Str+4 Dex-2 Stlth+}
   (You acquired it in a bailey)

   Str:       It affects your strength (+4).
   Dex:       It affects your dexterity (-2).
   Stlth:     It makes you more stealthy.
 O - a +5 morningstar
 V - a +1 heavy demon blade
Missiles
 g - 43 poisoned darts (quivered)
 n - a throwing net
 x - 3 boomerangs of dispersal
 F - 12 boomerangs
 P - 4 curare-tipped darts
 Q - 3 silver boomerangs
Armour
 f - a +0 kite shield
 j - a +1 helmet (worn)
 p - a +0 plate armour (worn)
 E - the +2 ratskin cloak (worn) {*Rats rPois rN+ Str-1 Int-1 Dex+1}
   (You found it on level 9 of the Dungeon)

   *Rats:     When the wearer is hurt, rats may emerge from it to assist them.
   Str:       It affects your strength (-1).
   Int:       It affects your intelligence (-1).
   Dex:       It affects your dexterity (+1).
   rPois:     It protects you from poison.
   rN:        It protects you from negative energy.
 J - a +0 buckler of protection (worn)
 T - a +1 pair of gloves (worn)
Jewellery
 e - an amulet of regeneration
 m - the amulet of the Quiescent Lemon (around neck) {Reflect Rampage rC++ Int-4 Dex+3 SH+5}
   (You found it on level 9 of the Dungeon)

   [amulet of reflection]

   It reflects blocked missile attacks.
   Int:       It affects your intelligence (-4).
   Dex:       It affects your dexterity (+3).
   rC:        It greatly protects you from cold.
   SH:        It affects your SH (+5).
   Rampage:   It bestows one free step when moving towards enemies.
 q - a ring of protection from cold
 w - a +5 ring of evasion (right hand)
 C - an amulet of magic regeneration
 R - a ring of flight (left hand)
Wands
 a - a wand of light (11)
Scrolls
 d - a scroll of teleportation
 i - a scroll of torment
 o - 3 scrolls of summoning
 r - a scroll of vulnerability
 t - a scroll of silence {unknown}
 u - a scroll of enchant weapon {unknown}
 v - a scroll of enchant armour {unknown}
 y - a scroll of fog {unknown}
 D - a scroll of amnesia {unknown}
 H - a scroll of brand weapon {unknown}
 K - a scroll of blinking {unknown}
 M - a scroll of fear {unknown}
 S - a scroll of noise {unknown}
Potions
 b - 4 potions of lignification
 c - a potion of mutation
 h - 3 potions of might
 k - 2 potions of cancellation
 s - 2 potions of brilliance
 z - 2 potions of curing
 A - a potion of magic {unknown}
 B - 2 potions of haste
 G - 4 potions of heal wounds
 N - 2 potions of resistance {unknown}
 U - 3 potions of flight


   Skills:
 + Level 10.8 Fighting
 * Level 11.9 Maces & Flails
 + Level 11.4 Armour
 + Level 3.1 Dodging
 + Level 10.5 Shields
 + Level 4.2 Invocations


You had 11 spell levels left.
You didn't know any spells.
Your spell library contained the following spells:

 Spells                   Type           Power      Damage    Failure   Level
 Poisonous Vapours        Pois/Air       0%         N/A       100%        2
 Sublimation of Blood     Necr           0%         N/A       100%        2
 Wereblood                Tmut           0%         N/A       100%        2
 Mephitic Cloud           Conj/Pois/Air  0%         N/A       100%        3
 Summon Guardian Golem    Hex/Summ       0%         N/A       100%        3
 Freezing Cloud           Conj/Ice/Air   0%         6-21      100%        5
 Orb of Destruction       Conj           0%         9d5       100%        7
 Spellforged Servitor     Conj/Summ      0%         N/A       100%        7
 Summon Hydra             Summ           0%         N/A       100%        7


Dungeon Overview and Level Annotations

Branches:
Dungeon (12/15)            Temple (1/1) D:7            Lair (0/5) D:11
    Orc (0/2) D:11         Bailey (visited)

Altars:
Ashenzari
Cheibriados
Dithmenos
Elyvilon
Fedhas
Gozag
Hepliaklqana
Kikubaaqudgha
Makhleb
Nemelex Xobeh
Okawaru
Qazlal
Ru
Sif Muna
Trog
Uskayaw
Vehumet
Wu Jian
Xom
Yredelemnul
Zin
The Shining One

Annotations:
D:8 3 runed translucent doors, killozap's ghost, novice DsNe
D:12 Rupert


Innate Abilities, Weirdness & Mutations

You are completely covered in rugged brown scales. (AC +3, +7% HP)
Armour fits poorly on your strangely shaped body.
You have a long armoured tail.
You roll when moving toward enemies. (Rampage)
Your long tongue fully drains potion bottles. (2x potion effects)
Your tongue gives you trouble enunciating. (1.5x scroll delay)


Message History

The red ugly thing is almost dead.
The red ugly thing bites you!
You are engulfed in flames!!
You feel protected from fire.
You hit the red ugly thing.
The red ugly thing is almost dead.
Rupert the Wild comes into view.
He is wielding a +2 battleaxe of flaming.
You block the red ugly thing's attack.
You barely miss the red ugly thing. You tail-slap the red ugly thing.
You kill the red ugly thing!
Qazlal accepts your kill.
You hear a shout!
Rupert screams, "Red!
No, blue!"
Rupert roars madly and goes into a rage!
Rupert goes berserk!
Rupert is engulfed in blazing flames.
Rupert is engulfed in blazing flames.
Rupert rages.
You sock Rupert!
Rupert is lightly wounded.
You block Rupert's attack.
Rupert hits you with a +2 battleaxe of flaming!!
A hell rat scurries out from under your cloak.
You feel more protected from fire. Rupert burns you.
You hit Rupert. Lightning courses through Rupert!
Rupert is lightly wounded.
Rupert hits you with a +2 battleaxe of flaming!!
* * * LOW HITPOINT WARNING * * *
Your resistance to fire fades away.
You feel protected from physical attacks.
Rupert burns you!
* * * LOW HITPOINT WARNING * * *
A river rat scurries out from under your cloak.
Rupert hits your hell rat with a +2 battleaxe of flaming!
Rupert burns your hell rat.
Your hell rat dies!
You sock Rupert!
Rupert is moderately wounded.
Rupert hits you with a +2 battleaxe of flaming!!
You die...

##.......# #..##.....
############## #..##......
#..^.........## #..#.......
#.............# #..###......
#.............# ##>.# ##.....
#...........#####....## #.....
#...........###.§.....# ##....
#..........#.@@°......## ##>..
##...........##☼.......####....
#........#####.r..............
###...#### ##.................
...#### #...............### ###
#.............###..
##..........####...
#..........###....
##.........##.....


You could see Rupert (berserk, ally target) and a friendly river rat.

Vanquished Creatures
  Jorgrun (D:12)
  A boulder beetle (D:11)
  A two-headed ogre (D:10)
  An orc high priest (Bailey)
  A hell knight (D:12)
  Lodul (D:12)
  Pikel (D:4)
  3 manticores
  4 cyclopes
  An ugly thing (D:12)
  2 gargoyles
  Maggie (D:10)
  An unseen horror (D:9)
  A kobold demonologist (Bailey)
  A komodo dragon (D:11)
  A troll (D:11)
  3 slime creatures (D:12)
  12 yaks
  3 wraiths
  5 wyverns
  5 vampire mosquitoes
  4 steam dragons
  Menkaure (D:5)
  Edmund (D:3)
  Duvessa (D:4)
  3 hell hounds (D:12)
  3 black bears
  A sky beast (D:8)
  9 ogres
  13 orc warriors
  6 ice beasts
  8 centaurs
  2 phantoms
  4 kobold brigands
  A bullfrog (D:8)
  2 gnoll sergeants
  2 scorpions
  11 wights
  Dowan (D:4)
  15 killer bees
  7 electric eels (Bailey)
  3 howler monkeys
  2 jellies
  4 orc priests
  5 hounds
  A sleepcap (D:6)
  2 iguanas
  8 orc wizards
  17 gnolls
  6 adders
  2 white imps
  An ufetubus (D:5)
  2 worms
  4 dart slugs
  67 orcs
  4 bats
  6 endoplasms
  A giant cockroach (D:2)
  21 goblins
  14 hobgoblins
  2 jackals (D:1)
  15 kobolds
  4 quokkas
  7 ball pythons
  3 frilled lizards (D:3)
  2 rats
348 creatures vanquished.

Vanquished Creatures (others)
  4 fungi (D:8)
4 creatures vanquished.

Grand Total: 352 creatures vanquished

Notes
Turn   | Place    | Note
-------+----------+-------------------------------------------
     0 | D:1      | cheesebisquit the Armataur Fighter began the quest for the
                  | Orb.
     0 | D:1      | Reached XP level 1. HP: 19/19 MP: 1/1
   155 | D:1      | Reached XP level 2. HP: 26/26 MP: 2/2
   825 | D:1      | Reached XP level 3. HP: 32/32 MP: 3/3
  2214 | D:3      | Reached XP level 4. HP: 35/40 MP: 4/4
  2926 | D:4      | Noticed Duvessa
  2926 | D:4      | Noticed Dowan
  2926 | D:4      | Noticed Edmund
  2968 | D:3      | Killed Edmund
  2969 | D:3      | Reached XP level 5. HP: 48/48 MP: 5/5
  3022 | D:4      | Noticed Pikel
  3031 | D:4      | Noticed a lemure
  3034 | D:4      | Killed Pikel
  3035 | D:4      | Reached skill level 5 in Maces & Flails
  3035 | D:4      | Reached skill level 5 in Armour
  3035 | D:4      | Reached skill level 5 in Shields
  3035 | D:4      | Reached XP level 6. HP: 42/55 MP: 6/6
  3035 | D:4      | Reached XP level 7. HP: 48/63 MP: 7/7
  3074 | D:4      | Killed Duvessa
  3088 | D:4      | Killed Dowan
  3332 | D:4      | Reached XP level 8. HP: 71/71 MP: 8/8
  3517 | D:5      | Entered Level 5 of the Dungeon
  3613 | D:5      | Noticed Menkaure
  3628 | D:5      | Killed Menkaure
  3687 | D:5      | Reached skill level 5 in Fighting
  3995 | D:5      | Found a glowing golden altar of the Shining One.
  4707 | D:6      | Reached XP level 9. HP: 79/79 MP: 9/9
  5580 | D:7      | Found a staircase to the Ecumenical Temple.
  5824 | D:7      | HP: 1/100 [wight/+5 battleaxe of freezing (7)]
  6055 | Temple   | Entered the Ecumenical Temple
  6055 | Temple   | Found a transporter.
  6055 | Temple   | Found a transporter.
  6057 | Temple   | Found a transporter.
  6057 | Temple   | Found a transporter.
  6079 | Temple   | Became a worshipper of Qazlal Stormbringer
  6455 | D:8      | Reached XP level 10. HP: 82/89 MP: 10/10
  6813 | D:8      | Found a runed translucent gate.
  6813 | D:8      | Found a runed translucent gate.
  6813 | D:8      | Found a runed translucent gate.
  7309 | D:8      | Noticed killozap's ghost (novice DsNe)
  7363 | D:9      | Found the +2 ratskin cloak {*Rats rPois rN+ Str-1 Int-1
                  | Dex+1}
  7576 | D:9      | Reached * piety under Qazlal
  7689 | D:9      | Identified the amulet of the Quiescent Lemon {Reflect
                  | Rampage rC++ Int-4 Dex+3 SH+5}
  8215 | D:10     | Entered Level 10 of the Dungeon
  8232 | D:10     | Noticed a gargoyle
  8238 | D:10     | Killed a gargoyle
  8262 | D:10     | Found a flagged portal.
  8280 | Bailey   | Entered a bailey
  8399 | Bailey   | Reached ** piety under Qazlal
  8606 | Bailey   | Noticed an orc high priest
  8610 | Bailey   | Reached skill level 10 in Maces & Flails
  9054 | Bailey   | Found an iron altar of Okawaru.
  9070 | Bailey   | Reached XP level 11. HP: 93/101 MP: 11/11
  9117 | Bailey   | Killed an orc high priest
  9118 | Bailey   | Reached skill level 10 in Armour
  9368 | Bailey   | Acquired the +4 morningstar of the Saviour {elec, Str+4
                  | Dex-2 Stlth+}
  9666 | D:10     | Noticed Maggie
  9673 | D:10     | Killed Maggie
  9743 | D:10     | Found an iron altar of Okawaru.
  9749 | D:10     | Found a sacrificial altar of Ru.
  9782 | D:10     | Noticed a two-headed ogre
  9790 | D:10     | Killed a two-headed ogre
 10317 | D:11     | Reached *** piety under Qazlal
 10382 | D:11     | Reached skill level 1 in Invocations
 10464 | D:11     | Found a staircase to the Lair.
 10503 | D:11     | Reached skill level 1 in Dodging
 10553 | D:11     | Found a staircase to the Orcish Mines.
 10710 | D:11     | Noticed a boulder beetle
 10725 | D:11     | Reached **** piety under Qazlal
 10746 | D:11     | Killed a boulder beetle
 11667 | D:12     | Reached skill level 10 in Fighting
 11667 | D:12     | Reached skill level 10 in Shields
 11839 | D:12     | Noticed Jorgrun
 11852 | D:12     | Killed Jorgrun
 11853 | D:12     | Reached XP level 12. HP: 89/113 MP: 14/14
 11985 | D:12     | Noticed Lodul
 11996 | D:12     | Killed Lodul
 12658 | D:12     | Reached ***** piety under Qazlal
 12885 | D:12     | Noticed Rupert
 12898 | D:12     | Slain by Rupert

Illustrated notes

Levels and vault maps discovered:
D:1:      dpeg_arrival_signposts, layout_loops_corners
D:2:      layout_basic
D:3:      layout_loops_ring
D:4:      layout_rooms, minmay_cut_off, uniq_duvessa, uniq_edmund, uniq_pikel
D:5:      layout_loops_corners, tso_altar, feat_on_display, uniq_menkaure
D:6:      cheibrodos_thug_alley, layout_loops_cross
D:7:      layout_cave_pools, temple_pool_b, minmay_manual_mess
D:8:      kennysheep_steamy, layout_basic, gammafunk_ghost_necromancy
D:9:      layout_big_octagon, grunt_decor_fettered, dreamdust_mushroom_princess
D:10:     layout_roguey, grunt_temple_overflow_open, enter_bailey_4, uniq_maggie
D:11:     layout_loops_corners, lair_entry_dummy, hiddenorc2_lemuel,
          serial_rivers, chequers_serial_rivers_small_a,
          chequers_serial_rivers_micro_b, chequers_serial_rivers_large_a,
          chequers_serial_rivers_micro_a
D:12:     layout_cave_pods, minmay_rotating_lava, uniq_lodul, uniq_rupert,
          uniq_jorgrun
Temple:   hellmonk_temple_divided_pantheon

Skill      XL: |  1  2  3  4  5  6  7  8  9 10 11 12 |
---------------+-------------------------------------+-----
Maces & Flails | 2 3 5 7 8 10 11 | 11.9
Armour         | 4 5 6 7 8 9 11 | 11.4
Fighting       | 3 4 5 6 8 10 | 10.8
Shields        | 4 5 6 7 9 10 | 10.5
Invocations    | 3 4 |  4.2
Dodging        | 2 3 |  3.1

Action                     |  1- 3 |  4- 6 |  7- 9 | 10-12 || total
---------------------------+-------+-------+-------+-------++-------
  Melee: Flail             |   106 |    74 |   395 |   318 ||   893
         Tailslap          |    11 |    11 |    45 |    87 ||   154
         Morningstar       |       |       |       |   305 ||   305
  Throw: Dart              |       |       |     1 |       ||     1
    Use: Potion            |       |     4 |     4 |     1 ||     9
         Scroll            |       |       |     9 |     7 ||    16
 Armour: Scale mail        |    48 |    32 |    32 |       ||   112
         Leather armour    |       |       |    45 |       ||    45
         Ring mail         |       |       |   184 |    18 ||   202
         Plate armour      |       |       |       |   247 ||   247
  Dodge: Dodged            |    31 |    21 |   162 |   103 ||   317
         Repelled          |       |       |       |     2 ||     2
  Block: Buckler           |    21 |    13 |    94 |   206 ||   334
         Kite shield       |       |       |    18 |   184 ||   202
         Reflection        |       |       |       |    19 ||    19

Table legend: (Time is in decaauts)
 A = Elapsed time spent in this place.
 B = Non-inter-level travel time spent in this place.
 C = Inter-level travel time spent in this place.
 D = Time resting spent in this place.
 E = Time spent auto-exploring this place.
 F = Levels seen in this place.
 G = Mean time per level.
                   A        B        C        D        E       F      G
               +--------+--------+--------+--------+--------+-----+--------+
         Total |  12988 |  12036 |    952 |    318 |   9049 |  14 |  927.7 |
       Dungeon |  11712 |  10778 |    934 |    205 |   8196 |  12 |  976.0 |
        Temple |     38 |     20 |     18 |      0 |      6 |   1 |   38.0 |
        Bailey |   1237 |   1237 |      0 |    113 |    847 |   1 | 1237.0 |
               +--------+--------+--------+--------+--------+-----+--------+

Top non-repeatable levels by time:
    D:11: 1559 daAuts
  Bailey: 1237 daAuts
     D:5: 1154 daAuts
     D:1: 1079 daAuts
     D:2: 1069 daAuts
     D:8: 1023 daAuts
    D:12: 1014 daAuts
     D:6: 994 daAuts
     D:3: 890 daAuts
     D:9: 827 daAuts
    D:10: 811 daAuts
     D:7: 681 daAuts
     D:4: 606 daAuts
  Temple: 38 daAuts
